 Dungeon Crawl Stone Soup version 0.30.1-9-gdf580d7c3d (webtiles) character file.

Game seed: 15530789162071847492

7 AppTheSpectato the Caller (level 1, 0/10 HPs)
             Began as a Deep Elf Summoner on Oct 19, 2023.
             Slain by a kobold
             ... wielding a +0 short sword
              (1 damage)
             ... on level 1 of the Dungeon.
             The game lasted 00:01:51 (159 turns).

AppTheSpectato the Caller (Deep Elf Summoner)        Turns: 159, Time: 00:01:52

Health: 0/10       AC:  2    Str:  5    XL:     1   Next: 83%
Magic:  6/6        EV: 12    Int: 19    God:
Gold:   5          SH:  0    Dex: 15    Spells: 5/6 levels left

rFire   . . .        (no weapon)
rCold   . . .        (no shield)
rNeg    . . .        a - +0 robe
rPois   .            (no helmet)
rElec   .            (no cloak)
rCorr   .            (no gloves)
SInv    .            (no boots)
Will    .....        (no amulet)
Stlth   ++           (no ring)
HPRegen 0.21/turn    (no ring)
MPRegen 0.10/turn

%: no passive effects
@: attractive, hasted, very quick
A: no striking features
a: no special abilities


You were on level 1 of the Dungeon.
You visited 1 branch of the dungeon, and saw 2 of its levels.

You collected 5 gold pieces.

Inventory:

Armour
 a - a +0 robe (worn)
Potions
 b - a potion of magic
 e - a potion of heal wounds {unknown}


   Skills:
 - Level 2.4 Dodging
 - Level 2.4 Stealth
 + Level 3.1 Spellcasting
 + Level 4.7 Summonings


You had 5 spell levels left.
You knew the following spells:

 Your Spells              Type           Power      Damage    Failure   Level
a - Summon Small Mammal   Summ           84%        N/A       2%          1

Your spell library contained the following spells:

 Spells                   Type           Power      Damage    Failure   Level
 Call Imp                 Summ           42%        N/A       3%          2
 Call Canine Familiar     Summ           21%        N/A       6%          3
 Summon Guardian Golem    Hex/Summ       12%        N/A       17%         3
 Summon Lightning Spire   Summ/Air       12%        N/A       50%         4


Dungeon Overview and Level Annotations

Branches:
Dungeon (2/15)

Altars:

Annotations:
D:2 Jessica


Message History

The quokka barely misses you. The quokka attacks as you move away!
The quokka bites you.
* * * LOW HITPOINT WARNING * * *
The quokka attacks as you move away!
The quokka bites you but does no damage.
The quokka attacks as you move away! The quokka misses you.
The quokka barely misses you. The quokka attacks as you move away!
The quokka misses you.
You aren't carrying any scrolls.
The quokka barely misses you. The quokka attacks as you move away!
The quokka misses you. The quokka attacks as you move away!
The quokka misses you. x2
There is a stone staircase leading down here.
The quokka barely misses you.
You climb downwards.
There is a stone staircase leading up here.
Jessica shouts!
The quokka closely misses you.
You climb upwards.
The kobold closely misses you. x2
There is a stone staircase leading down here.
It was a potion of attraction.
You feel attractive to monsters. The quokka barely misses you.
The quokka bites you. The kobold barely misses you.
It was a potion of haste.
You feel yourself speed up. The quokka misses you.
The kobold barely misses you.
You barely miss the quokka. The quokka barely misses you.
You hit the quokka but do no damage. The kobold hits you but does no damage.
You hit the quokka.
The quokka is moderately wounded.
The quokka closely misses you.
The kobold hits you with a +0 short sword.
You hit the quokka but do no damage.
The quokka is moderately wounded.
The quokka bites you.
* * * LOW HITPOINT WARNING * * *
You hit the quokka.
The quokka is severely wounded.
The kobold hits you with a +0 short sword.
You die...

#..............#
##.............#
#.............#
#.............######
#...................
####...†.†....#
######
#.##K(###.###~.~~~.
#..#r## #.##~~~~≈~
##.K@# #.#~~≈≈≈≈~
##### #...~####
##..~'<># ##.~####
#.~≈≈≈ #.≈≈≈≈≈≈
#.~≈≈##≈≈ #~≈≈≈# ≈
#~~≈≈≈


You could see a quokka and 2 kobolds.

Vanquished Creatures (collateral kills)
  A dart slug (D:1)
  A hobgoblin (D:1)
  A kobold (D:1)
  2 rats (D:1)
5 creatures vanquished.

Notes
Turn   | Place    | Note
-------+----------+-------------------------------------------
     0 | D:1      | AppTheSpectato the Deep Elf Summoner began the quest for
                  | the Orb.
     0 | D:1      | Reached XP level 1. HP: 10/10 MP: 6/6
   150 | D:2      | Noticed Jessica
   159 | D:1      | Slain by a kobold

Illustrated notes

Levels and vault maps discovered:
D:1:      minmay_arrival_floating_metal, layout_basic, serial_park_tiny_pond
D:2:      layout_basic, ebering_ecumenical_altar_mist, minmay_misc_feat_tower,
          uniq_jessica, uniq_terence

Action                     || total
---------------------------++-------
  Melee: Unarmed           ||     5
   Cast: Summon Small Mamm ||     6
    Use: Potion            ||     2
 Armour: Robe              ||     2
  Dodge: Dodged            ||    20
